 Dungeon Crawl Stone Soup version 0.30-a0-696-g2367cd04db (webtiles) character file.

Game seed: 9847245504002444577

81 OTABOTABOTAB the Conjurer (level 4, -5/24 HPs)
             Began as a Deep Elf Conjurer on Jan 21, 2023.
             Slain by Terence
             ... wielding a +0 short sword
              (6 damage)
             ... on level 3 of the Dungeon.
             The game lasted 00:03:30 (2710 turns).

OTABOTABOTAB the Conjurer (Deep Elf Conjurer)       Turns: 2710, Time: 00:03:31

Health: -5/24      AC:  2    Str:  7    XL:     4   Next: 19%
Magic:  10/12      EV: 12    Int: 27    God:
Gold:   141        SH:  0    Dex: 13    Spells: 0/11 levels left

rFire   . . .      SeeInvis .    e - +0 dagger
rCold   + . .      Faith    .    (no shield)
rNeg    . . .      Spirit   .    a - +0 robe
rPois   .          Reflect  .    (no helmet)
rElec   .          Harm     .    (no cloak)
rCorr   +          Rampage  .    (no gloves)
Will    .....                    (no boots)
Stlth   ++                       (no amulet)
HPRegen 0.24/turn                X - ring of resist corrosion
MPRegen 0.13/turn                p - ring "Naptaoh" {rC+ Str+3 Int+2}

@: no status effects
A: no striking features
a: no special abilities


You were on level 3 of the Dungeon.
You visited 1 branch of the dungeon, and saw 3 of its levels.

You collected 141 gold pieces.

Inventory:

Hand Weapons
 e - a +0 dagger (weapon)
   (You found it on level 1 of the Dungeon)
 r - a +0 short sword of distortion {!w}
   (You found it on level 3 of the Dungeon)
Missiles
 l - 5 atropa-tipped darts
 q - 5 poisoned darts
 s - 43 stones
Armour
 a - a +0 robe (worn)
 j - a +0 helmet
   (You took it off Robin on level 2 of the Dungeon)
Jewellery
 p - the ring "Naptaoh" (right hand) {rC+ Str+3 Int+2}
   (You found it on level 2 of the Dungeon)

   [ring of protection from cold]

   Str:       It affects your strength (+3).
   Int:       It affects your intelligence (+2).
   rC:        It protects you from cold.
 X - a ring of resist corrosion (left hand)
   (You found it on level 2 of the Dungeon)
Scrolls
 d - a scroll of poison {!r}
 g - a scroll of silence {unknown}
 m - a scroll of amnesia {unknown}
 n - a scroll of fog {unknown}
 o - a scroll of noise {unknown}
Potions
 b - 2 potions of flight {unknown}
 c - 2 potions of curing {unknown}
 f - 2 potions of mutation {unknown}
 h - 2 potions of lignification {unknown}
 i - 2 potions of attraction {unknown}
 k - 2 potions of might {unknown}


   Skills:
 - Level 2.4 Dodging
 - Level 2.4 Stealth
 + Level 4.2 Spellcasting
 * Level 5.7 Conjurations
 + Level 0.2 Hexes
 + Level 0.2 Translocations


You couldn't memorise any spells.
You knew the following spells:

 Your Spells              Type           Power      Damage    Failure   Level
a - Magic Dart            Conj           100%       1d8       1%          1
b - Searing Ray           Conj           72%        2d7       1%          2
c - Fulminant Prism       Conj/Hex       10%        3d9       22%         4
x - Iskenderun's Mystic   Conj/Tloc      21%        2d6       22%         4

Your spell library contained the following spells:

 Spells                   Type           Power      Damage    Failure   Level
 Dazzling Flash           Conj/Hex       42%        N/A       7%          3
 Mephitic Cloud           Conj/Pois/Air  16%        N/A       11%         3
 Cigotuvi's Dreadful Rot  Necr/Pois/Air  10%        N/A       12%         2
 Poisonous Vapours        Pois/Air       10%        N/A       12%         2
 Summon Guardian Golem    Hex/Summ       6%         N/A       22%         3
 Orb of Destruction       Conj           18%        9d8       99%         7
 Spellforged Servitor     Conj/Summ      10%        N/A       100%        7


Dungeon Overview and Level Annotations

Branches:
Dungeon (3/15)

Altars:
Makhleb

Shops:
D:1 =

Annotations:
D:3 Terence


Message History

A goblin comes into view. It is wielding a +0 dagger.
You now have 11/12 mp.
The magic dart hits the hobgoblin!
You kill the hobgoblin!
You hear a shout!
An orc comes into view. It is wielding a +0 dagger.
You hear a shout!
You now have 10/12 mp.
The magic dart hits the orc.
An orc comes into view. It is wielding a +0 mace.
You now have 9/12 mp.
The magic dart hits the orc.
You now have 8/12 mp.
The magic dart hits the orc.
You kill the orc!
An orc comes into view. It is wielding a +0 trident.
You now have 7/12 mp.
You barely miss the orc.
The orc shouts!
The orc hits you with a +0 trident.
You take 1 damage, and have 23/24 hp.
Unknown command.
Aim: an orc, wielding a +0 mace (81% to hit)
The searing ray hits the orc!
You kill the orc!
The searing ray hits the goblin!
You kill the goblin!
The searing ray hits the orc. (Press . to maintain the ray.)
You now have 6/12 mp.
The searing ray hits the orc!
You kill the orc!
Health restored: 24 You now have 5/12 mp.
Things that are here:
a +0 trident; an orc corpse
Things that are here:
a +0 mace; a +0 dagger; a +0 dagger A hobgoblin comes into view.
The hobgoblin moves out of view.
s - 36 stones (gained 8)
The magic dart hits the hobgoblin.
You kill the hobgoblin!
You now have 4/12 mp.
No target in view!
No target in view!
You now have 127 gold pieces (gained 12).
You now have 141 gold pieces (gained 14).
s - 43 stones (gained 7)
You pick up a book of Vapours and begin reading...
You add the spells Poisonous Vapours, Cigotuvi's Dreadful Rot and Mephitic Cloud to your library.
Terence the Incautious comes into view.
He is wielding a +0 short sword.
The magic dart hits Terence.
Terence shouts!
You now have 5/12 mp.
The magic dart hits Terence.
You now have 4/12 mp.
Aim: Terence, wielding a +0 short sword and wearing a +0 scale mail (lightly wounded, 83% to hit)
The searing ray hits Terence. (Press . to maintain the ray.)
You now have 2/12 mp.
The searing ray hits Terence.
You now have 1/12 mp.
The searing ray hits Terence.
You now have 0/12 mp.
Without enough magic to sustain it, your searing ray dissipates.
Terence closely misses you.
Unknown command.
Aim: Terence, wielding a +0 short sword and wearing a +0 scale mail (severely wounded, 100% to hit)
The magic dart hits Terence but does no damage.
Terence hits you with a +0 short sword!
You take 8 damage, and have 16/24 hp.
MASSIVE DAMAGE!!
You now have 0/12 mp.
Terence attacks as you move away! Terence misses you.
Terence attacks as you move away! Terence hits you but does no damage.
Terence attacks as you move away! Terence closely misses you.
Terence attacks as you move away! Terence closely misses you.
Things that are here:
a +0 club; a goblin corpse Terence attacks as you move away!
Terence hits you with a +0 short sword.
You take 3 damage, and have 17/24 hp.
Terence attacks as you move away! Terence hits you with a +0 short sword.
You take 5 damage, and have 13/24 hp.
MASSIVE DAMAGE!!
Terence attacks as you move away! Terence hits you with a +0 short sword.
You take 4 damage, and have 9/24 hp.
Terence attacks as you move away! Terence hits you with a +0 short sword.
* * * LOW HITPOINT WARNING * * *
You take 6 damage, and have 3/24 hp.
MASSIVE DAMAGE!!
Magic courses through your body. Terence hits you with a +0 short sword.
* * * LOW HITPOINT WARNING * * *
You take 2 damage, and have 1/24 hp.
MP restored: 12
Aim: Terence, wielding a +0 short sword and wearing a +0 scale mail (heavily wounded, 83% to hit)
The searing ray hits Terence. (Press . to maintain the ray.) Terence hits you with a +0 short sword.
You die...

.# #####.###
#####.#.....
..##.....# #.##.....#
#.##.#.#.# #
#......#.#####. #
#.....@@....... #
#.##########.#. #
#.##..#.###..# #
#.#.##)##...# #####
#..##.#)8..# ..).#
##.###.#...#.# ###.##
##.)#.......#
##...###...##.#.8..##
#........#.####.....##


You could see Terence.

Vanquished Creatures
  Robin (D:2)
  A dart slug (D:2)
  4 orcs (D:3)
  8 ball pythons
  6 endoplasms
  3 giant cockroaches (D:1)
  12 goblins
  8 hobgoblins
  2 quokkas (D:1)
  A bat (D:1)
  4 frilled lizards
  2 kobolds
  5 rats
57 creatures vanquished.

Notes
Turn   | Place    | Note
-------+----------+-------------------------------------------
     0 | D:1      | OTABOTABOTAB the Deep Elf Conjurer began the quest for the
                  | Orb.
     0 | D:1      | Reached XP level 1. HP: 10/10 MP: 6/6
   582 | D:1      | Reached XP level 2. HP: 15/15 MP: 6/8
   585 | D:1      | Learned a level 2 spell: Searing Ray
   836 | D:1      | Reached skill level 5 in Conjurations
   946 | D:1      | Reached XP level 3. HP: 19/19 MP: 0/10
  1100 | D:1      | Found Cuipn's Jewellery Shop.
  1437 | D:2      | Noticed Robin
  1447 | D:2      | Killed Robin
  1448 | D:2      | Reached skill level 4 in Spellcasting
  1833 | D:2      | Found a burning altar of Makhleb.
  2309 | D:2      | Identified the ring "Naptaoh" {rC+ Str+3 Int+2}
  2534 | D:3      | Reached XP level 4. HP: 24/24 MP: 9/12
  2539 | D:3      | Learned a level 4 spell: Fulminant Prism
  2544 | D:3      | Learned a level 4 spell: Iskenderun's Mystic Blast
  2677 | D:3      | Noticed Terence
  2708 | D:3      | HP: 3/24 [Terence/+0 short sword (6)]
  2709 | D:3      | HP: 1/24 [Terence/+0 short sword (2)]
  2710 | D:3      | Slain by Terence

Illustrated notes

Levels and vault maps discovered:
D:1:      dpeg_cavernosity, layout_basic, serial_shops, nicolae_shop_waterfront,
          chequers_jeans
D:2:      layout_loops_ring, serial_co_window_serial, co_window_paths_a,
          co_window_paths_b, co_window_corner_a, co_window_paths_b,
          co_window_corner_a, co_window_cross_3, co_window_unsneaky_path_e,
          co_window_broadway_b, co_window_unsneaky_path_d,
          co_window_of_opportunity_c, co_window_2corner,
          co_window_of_opportunity_c, co_window_paths_e, glass_columns_b,
          glass_columns_c, basic_altar, uniq_robin
D:3:      kb_forest_paths, layout_loops_cross, general_overflow_altar,
          roderic_roman_lattice, guppyfry_early_orc_mine,
          uniq_crazy_yiuf_cottage, uniq_jessica, uniq_terence, uniq_sigmund

Skill      XL: |  1  2  3 |
---------------+----------+-----
Conjurations   | 5 |  5.7
Spellcasting   | 4 |  4.2
Dodging        | |  2.4
Stealth        | |  2.4
Hexes          | |  0.2
Translocations | |  0.2

Action                   |  1- 3 |  4- 6 || total
-------------------------+-------+-------++-------
Melee: Dagger            |    10 |     1 ||    11
       Punch             |     1 |       ||     1
 Cast: Magic Dart        |    74 |    13 ||    87
       Searing Ray       |     1 |     3 ||     4
  Use: Scroll            |     2 |       ||     2
       Potion            |       |     1 ||     1
 Stab: Sleeping          |     1 |       ||     1
Armor: Robe              |     2 |     1 ||     3
Dodge: Dodged            |     9 |     5 ||    14

Table legend: (Time is in decaauts)
 A = Elapsed time spent in this place.
 B = Non-inter-level travel time spent in this place.
 C = Inter-level travel time spent in this place.
 D = Time resting spent in this place.
 E = Time spent auto-exploring this place.
 F = Levels seen in this place.
 G = Mean time per level.
                   A        B        C        D        E       F      G
               +--------+--------+--------+--------+--------+-----+--------+
         Total |   2708 |   2682 |     26 |    293 |   2121 |   3 |  902.7 |
       Dungeon |   2708 |   2682 |     26 |    293 |   2121 |   3 |  902.7 |
               +--------+--------+--------+--------+--------+-----+--------+

Top non-repeatable levels by time:
     D:1: 1355 daAuts
     D:2: 1174 daAuts
     D:3: 178 daAuts

Table legend:
 A = Kills in this place as a percentage of kills in entire the game.
 B = Kills by you in this place as a percentage of kills by you in the entire game.
 C = Kills by friends in this place as a percentage of kills by friends in the entire game.
 D = Other kills in this place as a percentage of other kills in the entire game.
 E = Experience gained in this place as a percentage of experience gained in the entire game.
 F = Experience gained in this place divided by the number of levels of this place that you have seen.
                   A       B       C       D       E      F
               +-------+-------+-------+-------+-------+----------------------
         Total | 100.0 | 100.0 |   N/A |   N/A | 100.0 |  38.7
       Dungeon | 100.0 | 100.0 |   N/A |   N/A | 100.0 |  38.7
               +-------+-------+-------+-------+-------+----------------------
